 Dungeon Crawl Stone Soup version 0.31-a0-799-g6bc09d010c (webtiles) character file.

Game seed: 9874783839416393773

9 Essalna the Conjurer (level 2, 19/19 HPs)
             Began as a Demonspawn Conjurer on Sept 19, 2023.
             Got out of the dungeon alive.
             The game lasted 00:00:40 (396 turns).

Essalna the Conjurer (Demonspawn Conjurer)           Turns: 396, Time: 00:00:40

Health: 19/19      AC:  3    Str:  7    XL:     2   Next: 3%
Magic:  4/5        EV: 12    Int: 19    God:
Gold:   20         SH:  0    Dex: 11    Spells: 4/5 levels left

rFire   . . .        (no weapon)
rCold   + . .        (no shield)
rNeg    . . .        a - +0 robe
rPois   .            (no helmet)
rElec   .            (no cloak)
rCorr   .            (no gloves)
SInv    .            d - +0 pair of boots
Will    .....        (no amulet)
Stlth   ++           c - ring of protection from cold
HPRegen 0.23/turn    (no ring)
MPRegen 0.09/turn

%: no passive effects
@: no status effects
A: hooves 1
a: no special abilities


You escaped.
You visited 1 branch of the dungeon, and saw 1 of its levels.

You collected 20 gold pieces.

Inventory:

Armour
 a - a +0 robe (worn)
 d - a +0 pair of boots (worn)
Jewellery
 c - a ring of protection from cold (left hand)
Scrolls
 e - a scroll of identify {unknown}
Potions
 b - a potion of magic


   Skills:
 - Level 1.7 Dodging
 - Level 1.7 Stealth
 + Level 2.3 Spellcasting
 + Level 4.2 Conjurations


You had 4 spell levels left.
You knew the following spells:

 Your Spells              Type           Power      Damage    Failure   Level
a - Magic Dart            Conj           72%        1d6       3%          1

Your spell library contained the following spells:

 Spells                   Type           Power      Damage    Failure   Level
 Searing Ray              Conj           36%        2d5       4%          2
 Apportation              Tloc           4%         N/A       16%         1
 Necrotise                Necr           8%         1d4       16%         1
 Summon Small Mammal      Summ           8%         N/A       16%         1
 Dazzling Flash           Conj/Hex       20%        N/A       21%         3
 Tukima's Dance           Hex            2%         N/A       43%         3
 Fulminant Prism          Conj/Hex       5%         3d6       56%         4
 Iskenderun's Mystic Bla  Conj/Tloc      10%        2d4       56%         4
 Passage of Golubria      Tloc           2%         N/A       85%         4
 Yara's Violent Unravell  Hex/Tmut       1%         3d3       99%         5


Dungeon Overview and Level Annotations

Branches:
Dungeon (1/15)

Altars:


Innate Abilities, Weirdness & Mutations

You have large cloven feet.


Message History

You hit the quokka.
You kill the quokka!
Found 4 gold pieces, a short sword and a book of Cantrips.
You see here a quokka corpse.
HP restored.
A bat comes into view.
The magic dart hits the bat.
The bat is moderately wounded.
The bat hits you but does no damage.
The magic dart hits the bat.
The bat is severely wounded.
The bat hits you but does no damage.
The magic dart hits the bat.
You kill the bat!
You are out of magic!
You are out of magic!
Found a stone staircase leading down.
You see here a bat corpse.
Found a dagger.
You now have 20 gold pieces (gained 4).
You pick up a book of Cantrips and begin reading...
You add the spells Necrotise, Summon Small Mammal and Apportation to your library.
You pick up Great Wizards, Vol.
VII and begin reading...
You add the spells Tukima's Dance, Passage of Golubria and Yara's Violent Unravelling to your library.
A kobold and a rat come into view.
Found 10 gold pieces.
The magic dart hits the rat.
You kill the rat!
The kobold shouts!
You have reached level 2!
Your demonic ancestry asserts itself...
Your feet thicken and deform.
The magic dart hits the kobold.
You kill the kobold!
You can't see any susceptible monsters within range! (Use Z to cast anyway.)
You can't see any susceptible monsters within range! (Use Z to cast anyway.)
You can't see any susceptible monsters within range! (Use Z to cast anyway.)
You can't see any susceptible monsters within range! (Use Z to cast anyway.)
There is a staircase leading out of the dungeon here.
You have escaped!

# #..............## ##..#
#.#....##########.###.###
##.#.#### ##.#.## ##....#
##.## #.###.# #.# ##.#
#.# #.#
...###.###############.#
#..†..#...............#
#.†##.#.#######@>######
##..##.#.# ####
.........# ...)##.###
#......# #.#.#### #.#.#
..#.# ....#


There were no monsters in sight!

Vanquished Creatures
  2 bats (D:1)
  An endoplasm (D:1)
  A goblin (D:1)
  A quokka (D:1)
  A frilled lizard (D:1)
  A kobold (D:1)
  A rat (D:1)
8 creatures vanquished.

Notes
Turn   | Place    | Note
-------+----------+-------------------------------------------
     0 | D:1      | Essalna the Demonspawn Conjurer began the quest for the
                  | Orb.
     0 | D:1      | Reached XP level 1. HP: 13/13 MP: 3/3
   364 | D:1      | Gained mutation: You have large cloven feet. [demonic
                  | ancestry]
   364 | D:1      | Reached XP level 2. HP: 19/19 MP: 3/5
   396 | D:$      | Got out of the dungeon alive.

Illustrated notes

Levels and vault maps discovered:
D:1:      dpeg_arrival_tiny_a, layout_loops_ring

Action                     || total
---------------------------++-------
  Melee: Unarmed           ||    15
         Punch             ||     1
   Cast: Magic Dart        ||    15
 Armour: Robe              ||    10
  Dodge: Dodged            ||     7

Table legend: (Time is in decaauts)
 A = Elapsed time spent in this place.
 B = Non-inter-level travel time spent in this place.
 C = Inter-level travel time spent in this place.
 D = Time resting spent in this place.
 E = Time spent auto-exploring this place.
 F = Levels seen in this place.
 G = Mean time per level.
                   A        B        C        D        E       F      G
               +--------+--------+--------+--------+--------+-----+--------+
         Total |    395 |    365 |     30 |      0 |    308 |   1 |  395.0 |
       Dungeon |    395 |    365 |     30 |      0 |    308 |   1 |  395.0 |
               +--------+--------+--------+--------+--------+-----+--------+

Top non-repeatable levels by time:
     D:1: 395 daAuts
